 Dungeon Crawl Stone Soup version 0.16-a0-77-g708f960 (webtiles) character file.

289 Ololoev the Digger (level 6, -1/32 HPs)
             Began as a Gargoyle Earth Elementalist on Aug 8, 2014.
             Was a Follower of Vehumet.
             Slain by an ogre
             ... wielding a +0 giant club
              (20 damage)
             ... on Level 5 of the Dungeon.
             The game lasted 00:17:26 (5148 turns).

Ololoev the Digger (Gargoyle Earth Elementalist)    Turns: 5148, Time: 00:17:26

HP  -1/32        AC  6     Str 11      XL: 6   Next: 31%
MP   1/20        EV 12     Int 18      God: Vehumet [*.....]
Gold 226         SH  0     Dex 10      Spells:  2 memorised,  6 levels left

rFire  . . .     SeeInvis .     j - +0 dagger
rCold  . . .     Clarity  .     k - +0 robe (curse)
rNeg   + + .     rCorr    .     (no shield)
rPois  +         rRot     +     (no helmet)
rElec  +         Spirit   .     (no cloak)
SustAb .         Warding  +     (no gloves)
rMut   .         Stasis   .     (no boots)
Gourm  .                        g - amulet of warding
MR     .....                    (no ring)
                                v - ring of magical power

@: very slightly contaminated, not resistant to hostile enchantments, unstealthy
A: negative energy resistance 1, electricity resistance, unbreathing,
petrification resistance, rot immunity, AC +4
a: Renounce Religion


You were on level 5 of the Dungeon.
You worshipped Vehumet.
Vehumet was aware of your devotion.
You were hungry.

You visited 1 branch of the dungeon, and saw 5 of its levels.

You collected 226 gold pieces.

Inventory:

Hand weapons
 j - a +0 dagger (weapon)
Missiles
 r - 6 stones (quivered)
Armour
 k - a cursed +0 robe (worn)
Magical devices
 l - a wand of magic darts (8)
Comestibles
 a - a bread ration
 h - 5 fruits
 m - 2 meat rations
 w - a rotting chunk of goblin flesh
Scrolls
 b - a scroll of remove curse {unknown}
 e - a scroll of amnesia {unknown}
 i - 2 scrolls of magic mapping {unknown}
 n - 2 scrolls of blinking {unknown}
 q - 4 scrolls of identify {unknown}
 t - a scroll of noise {unknown}
 u - a scroll of enchant weapon {unknown}
 x - a scroll of random uselessness {unknown}
Jewellery
 g - an amulet of warding (around neck)
 v - a ring of magical power (left hand)
Potions
 c - 3 potions of agility {unknown}
 f - a potion of beneficial mutation {unknown}
 o - 3 potions of curing {unknown}
 p - a potion of invisibility {unknown}
 s - a potion of poison {unknown}
Books
 d - a book of Geomancy

   Spells                             Type                      Level
   *Sandblast                         Earth                        1
   Stoneskin                          Transmutation/Earth          2
   Passwall                           Transmutation/Earth          3
   *Stone Arrow                       Conjuration/Earth            3
   Petrify                            Transmutation/Earth          4
   Lee's Rapid Deconstruction         Earth                        5


   Skills:
 - Level 1.5 Dodging
 - Level 2.1 Stealth
 - Level 2.8 Spellcasting
 * Level 2.7 Conjurations
   Level 0.7 Transmutations
 + Level 7.0 Earth Magic


You had 6 spell levels left.
You knew the following spells:

 Your Spells              Type           Power        Failure   Level  Hunger
a - Sandblast             Erth           ####..       1%          1    None
b - Stone Arrow           Conj/Erth      ###...       10%         3    ###....


Dungeon Overview and Level Annotations

Branches:
Dungeon (5/15)
 Temple: D:4-7

Altars:
Vehumet

Annotations:
D:4 kober's ghost, average CeAM


Innate Abilities, Weirdness & Mutations

You are resistant to torment.
You are immune to poison.
Your stone body is very resilient (AC +4).
You resist negative energy.
You are resistant to electric shocks.
You can survive without breathing.
You are immune to petrification.
You are immune to rotting.


Message History

You barely miss the ogre.
The ogre is severely wounded.
The ogre barely misses you.
You hit the ogre.
The ogre is almost dead.
The ogre barely misses you.
You hit the ogre but do no damage.
The ogre is almost dead.
You barely miss the ogre.
The ogre is almost dead.
The ogre hits you with a giant club!
You hit the ogre.
The ogre is almost dead.
The ogre misses you.
You are feeling hungry.
You hit the ogre.
The ogre is almost dead.
The ogre hits you with a giant club!!
Ouch! That really hurt!
You die...

.... ..#
#########..# #
#..........#.O..
#..........)...#
.#..%....O#.###.#
...........+
..........#####
............O@#
#.#############


You could see an ogre.

Vanquished Creatures
  A hound (D:4)
  A worker ant (D:5)
  Ijyb (D:2)
  8 adders
  4 gnolls (D:2)
  2 worms
  3 giant geckos
  An ooze (D:2)
  An orc (D:4)
  5 bats
  5 giant cockroaches
  11 hobgoblins
  16 jackals
  2 quokkas
  2 ball pythons (D:1)
  7 giant newts
  7 goblins
  7 kobolds
  14 rats
  A fungus (D:2)
99 creatures vanquished.

Notes
Turn   | Place    | Note
--------------------------------------------------------------
     0 | D:1      | Ololoev, the Gargoyle Earth Elementalist, began the quest for the Orb.
     0 | D:1      | Reached XP level 1. HP: 10/10 MP: 3/3
   579 | D:1      | Reached skill level 4 in Earth Magic
   657 | D:1      | Reached XP level 2. HP: 15/15 MP: 2/4
  1572 | D:1      | Reached XP level 3. HP: 19/19 MP: 3/6
  1777 | D:2      | Found a radiant altar of Vehumet.
  1780 | D:2      | Reached skill level 5 in Earth Magic
  1785 | D:1      | Reached XP level 4. HP: 16/24 MP: 0/8
  2122 | D:2      | Became a worshipper of Vehumet
  2365 | D:2      | Reached skill level 6 in Earth Magic
  2365 | D:2      | Reached XP level 5. HP: 7/28 MP: 1/9
  2464 | D:2      | Learned a level 3 spell: Stone Arrow
  2963 | D:2      | Noticed Ijyb
  2969 | D:2      | Killed Ijyb
  3328 | D:3      | Acquired Vehumet's first power
  3328 | D:3      | Offered knowledge of Magic Dart by Vehumet.
  3445 | D:3      | Reached skill level 1 in Conjurations
  4284 | D:4      | Reached XP level 6. HP: 26/32 MP: 1/11
  4369 | D:4      | Noticed kober's ghost (average CeAM)
  4951 | D:4      | Reached skill level 7 in Earth Magic
  5119 | D:5      | Entered Level 5 of the Dungeon
  5148 | D:5      | Slain by an ogre

Action                   |  1- 3 |  4- 6 || total
-------------------------+-------+-------++-------
Melee: Unarmed           |    14 |       ||    14
       Dagger            |     6 |   139 ||   145
 Cast: Sandblast         |    46 |    85 ||   131
       Stone Arrow       |       |    20 ||    20
Evoke: Wand              |       |     1 ||     1
 Stab: Sleeping          |     2 |     1 ||     3
  Eat: Chunk             |     3 |    12 ||    15
       Pizza             |       |     1 ||     1
